Flyers vs Jets (R1)

Created - November 19, 2017 at 19:00

Goals
1 2 3 T
Flyers 1 2 1 4
Jets 2 0 0 2
Shots
1 2 3 T
Flyers 12 14 15 41
Jets 17 10 12 39

1st period

1. Jets , Fredrik Sjostrom 1 (Mikko Koivu 5, Lee Stempniak 5) at 6:15
2. Flyers , Jeff Woywitka 2 (Jakub Voracek 16, Jeff Carter 13) at 18:53 (PP)
3. Jets , Devin Setoguchi 2 (Derek Stepan 8, Eric Gelinas 2) at 19:54 (PP)

Penalties :
Chris Kreider (Phi) for Holding (Minor) at 9:19, Dustin Brown (Win) for Hooking (Minor) at 17:55, Stephane Robidas (Phi) for Tripping (Minor) at 19:08

2nd period

4. Flyers , Jeff Woywitka 3 (Jeff Carter 14, Chris Kreider 7) at 11:08
5. Flyers , Rostislav Olesz 7 (Jeff Woywitka 9) at 11:59 (SH)

Penalties :
Stephane Robidas (Phi) for Holding (Minor) at 7:17, Stephane Robidas (Phi) for Holding (Minor) at 11:32, Jeff Carter (Phi) for Hooking (Minor) at 18:12

3rd period

6. Flyers , Matthew Lombardi 3 (Wayne Simmonds 3, Dany Heatley 6) at 19:52 (Empty Net)

Penalties :
Marcus Johansson (Win) for Hooking (Minor) at 1:38, Jimmy Hayes (Win) for Tripping (Minor) at 10:48, Derek Stepan (Win) for Tripping (Minor) at 16:53, Stephane Robidas (Phi) for Hooking (Minor) at 19:59

Goalie Stats

Cory Schneider (Phi), 37 saves from 39 shots - (0.949), W, 4-3-2, 60:00 minutes
Jacob Markstrom (Win), 37 saves from 40 shots - (0.925), L, 5-5-1, 59:15 minutes

Players Stats for Flyers

Player Name              G  A  P  +/- PIM S  H  SB GA TA FO     MP     PP MP  PK MP  
------------------------------------------------------------------------------------
Alex Killorn             0  0  0   0  0   2  1  0  0  0  0/1    10:00   0:00   0:00 
Alexei Morozov           0  0  0   0  0   2  1  0  0  0  0/0    10:31   0:14   0:02 
Cam Fowler               0  0  0   1  0   0  1  1  0  1  0/0    18:44   3:12   1:11 
Chris Kreider            0  1  1   1  2   5  1  1  0  0  1/2    20:49   3:34   0:51 
Dany Heatley             0  1  1   1  0   0  2  1  2  1  0/0    15:23   3:07   0:24 
Jakub Voracek            0  1  1   0  0   3  3  0  0  1  0/0    18:05   3:37   0:00 
Jean-Gabriel Pageau      0  0  0   1  0   1  1  0  0  0  2/6    13:33   0:14   1:15 
Jeff Carter              0  2  2   1  2   3  0  1  1  0  13/21  19:56   3:37   0:00 
Jeff Woywitka            2  1  3   3  0   5  0  1  0  1  0/0    23:21   3:12   4:54 
Jonathan Ericsson        0  0  0   1  0   4  1  2  0  1  0/0    27:25   3:43   6:06 
Kyle Wellwood            0  0  0   0  0   3  1  0  0  0  12/21  16:43   3:04   2:34 
Matthew Lombardi         1  0  1   1  0   1  0  0  1  0  8/13   11:39   0:00   4:53 
Nathan Paetsch           0  0  0   0  0   3  0  1  1  0  0/0    14:43   0:00   2:34 
Rostislav Olesz          1  0  1   0  0   4  1  0  0  1  0/0    11:17   0:14   4:53 
Stefan Ruzicka           0  0  0  -1  0   0  0  0  0  1  0/0     5:50   0:00   0:00 
Stephane Robidas         0  0  0  -1  8   2  2  1  0  2  0/0    22:54   3:43   2:35 
Victor Bartley           0  0  0   0  0   1  1  0  0  0  0/0    12:48   0:00   0:02 
Wayne Simmonds           0  1  1   1  0   2  2  0  1  1  0/1    17:31   3:04   2:34 

Players Stats for Jets

Player Name              G  A  P  +/- PIM S  H  SB GA TA FO     MP     PP MP  PK MP  
------------------------------------------------------------------------------------
Anton Volchenkov         0  0  0   1  0   0  1  0  0  0  0/0    18:02   0:00   2:50 
Benoit Pouliot           0  0  0  -1  0   4  1  0  1  1  0/2    17:58   4:33   1:17 
Derek Roy                0  0  0  -1  0   1  2  1  2  1  12/26  20:55   4:01   4:04 
Derek Stepan             0  1  1  -1  2   2  1  0  0  0  9/22   15:42   4:08   0:00 
Devin Setoguchi          1  0  1  -1  0   3  1  0  1  0  0/1    16:01   3:56   0:00 
Dustin Brown             0  0  0  -2  2   9  1  1  0  0  0/0    20:15   4:30   1:34 
Eric Gelinas             0  1  1   1  0   1  0  2  1  1  0/0    18:52   3:36   0:00 
Erik Haula               0  0  0  -1  0   1  1  0  0  0  0/0    13:43   0:13   4:04 
Fredrik Sjostrom         1  0  1   1  0   5  0  1  0  1  0/0    10:07   0:00   0:00 
Jared Spurgeon           0  0  0   0  0   1  0  0  1  0  0/0    10:08   0:00   0:00 
Jimmy Hayes              0  0  0   0  2   1  1  0  1  0  0/0     7:33   0:00   0:00 
Joe Colborne             0  0  0   0  0   1  0  0  0  0  0/3     9:56   0:00   1:45 
Lee Stempniak            0  1  1   1  0   3  2  1  0  0  0/1    10:23   0:16   0:00 
Marco Scandella          0  0  0  -3  0   2  3  2  2  0  0/0    28:36   5:06   4:05 
Marcus Johansson         0  0  0  -1  2   2  1  0  0  0  1/1    16:25   3:56   0:00 
Mikko Koivu              0  1  1   0  0   2  0  1  0  0  7/9    14:03   0:33   1:06 
Travis Hamonic           0  0  0   0  0   1  1  0  0  1  0/0    16:49   3:36   2:50 
Tyler Myers              0  0  0  -3  0   0  3  3  1  1  0/0    27:33   5:06   4:05 

3 Stars

1 - Jeff Woywitka (Phi)
2 - Cory Schneider (Phi)
3 - Fredrik Sjostrom (Win)

Power Play

Flyers - 1 on 4 Attempt(s) - 25.00%
Jets - 1 on 6 Attempt(s) - 16.67%

Penalty Kill

Flyers - 5 on 6 Attempt(s) - 83.33% - Score 1 goal in Penalty Kill
Jets - 3 on 4 Attempt(s) - 75.00% - Score 0 goal in Penalty Kill

Team Stat

Flyers - Hits : 18 - Faceoff Wins : 36 - Blocked Shots : 9 - Penalty Minutes : 12
Jets - Hits : 19 - Faceoff Wins : 29 - Blocked Shots : 12 - Penalty Minutes : 8

Official

Referees : Kowal Tom and L'Ecuyer Frederick
Linesman : Brad Lazarowich and Steve Barton

Game Notes

Matthew Lombardi has scored in a empty net!

Finance

Level 1 -- Attendance: 5407 (90.12%) -- Ticket Income $421,746
Level 2 -- Attendance: 4575 (91.50%) -- Ticket Income $237,900
Level 3 -- Attendance: 1808 (90.40%) -- Ticket Income $52,432
Level 4 -- Attendance: 4000 (100.00%) -- Ticket Income $104,000
Luxury Box -- Attendance: 1000 (100.00%) -- Ticket Income $160,000
Game was played at the MTS Center.
Total Attendance: 16790 (93.28%)
Total Ticket Income: $976,078
Other Income: $146,412
Total Income: $1,122,490

Flyers

5 vs 5 Forward 
   Center                   Left Wing                Right Wing               Time % Phy DF OF 
 1 Jeff Carter              Chris Kreider            Jakub Voracek            40     1   1  3  
 2 Kyle Wellwood            Dany Heatley             Wayne Simmonds           30     1   1  3  
 3 Jean-Gabriel Pageau      Alex Killorn             Alexei Morozov           20     0   2  3  
 4 Matthew Lombardi         Rostislav Olesz          Stefan Ruzicka           10     0   5  0  

5 vs 5 Defense 
   Defense                  Defense                                           Time % Phy DF OF 
 1 Jonathan Ericsson        Stephane Robidas                                  40     1   2  2  
 2 Cam Fowler               Jeff Woywitka                                     30     1   2  2  
 3 Nathan Paetsch           Victor Bartley                                    20     1   2  2  
 4 Jonathan Ericsson        Jeff Woywitka                                     10     0   2  3  

PowerPlay Forward 
   Center                   Left Wing                Right Wing               Time % Phy DF OF 
 1 Jeff Carter              Chris Kreider            Jakub Voracek            60     1   0  4  
 2 Kyle Wellwood            Dany Heatley             Wayne Simmonds           40     1   0  4  

PowerPlay Defense
   Defense                  Defense                                           Time % Phy DF OF 
 1 Jonathan Ericsson        Stephane Robidas                                  60     0   2  3  
 2 Cam Fowler               Jeff Woywitka                                     40     0   2  3  

Penalty Kill 4 Players Forward 
   Center                   Wing                     Time % Phy DF OF 
 1 Matthew Lombardi         Rostislav Olesz          60     0   5  0  
 2 Kyle Wellwood            Wayne Simmonds           40     0   4  1  

Penalty Kill 4 Players Defense
   Defense                  Defense                  Time % Phy DF OF 
 1 Jonathan Ericsson        Stephane Robidas         60     0   5  0  
 2 Jeff Woywitka            Nathan Paetsch           40     0   5  0  

Penalty Kill - 3 Players Forward 
   Forward                                           Time % Phy DF OF 
 1 Matthew Lombardi                                  60     0   5  0  
 2 Kyle Wellwood                                     40     0   4  1  

Penalty Kill - 3 Players Defense
   Defense                  Defense                  Time % Phy DF OF 
 1 Jonathan Ericsson        Stephane Robidas         60     0   5  0  
 2 Jeff Woywitka            Nathan Paetsch           40     0   5  0  

4 vs 4 Forward 
   Center                   Wing                     Time % Phy DF OF 
 1 Jeff Carter              Jakub Voracek            60     1   2  2  
 2 Kyle Wellwood            Dany Heatley             40     0   2  3  

4 vs 4 Defense
   Defense                  Defense                  Time % Phy DF OF 
 1 Jonathan Ericsson        Stephane Robidas         60     1   2  2  
 2 Cam Fowler               Jeff Woywitka            40     1   2  2  

Last Minutes Offensive
   Center                   Left Wing                Right Wing               Defense                  Defense                  
   Jeff Carter              Dany Heatley             Jakub Voracek            Jonathan Ericsson        Jeff Woywitka            

Last Minutes Defensive
   Center                   Left Wing                Right Wing               Defense                  Defense                  
   Matthew Lombardi         Dany Heatley             Wayne Simmonds           Jonathan Ericsson        Jeff Woywitka            

Goaltenders
Starting : Cory Schneider           
Backup : Steve Mason              

Extra Forwards
Normal : Jeff Carter, Dany Heatley, Jakub Voracek - PP : Jeff Carter, Dany Heatley - PK : Matthew Lombardi
Extra Defensemen
Normal : Jonathan Ericsson, Stephane Robidas, Jeff Woywitka - PP : Jonathan Ericsson - PK : Jonathan Ericsson, Jeff Woywitka
Penalty Shots
Jeff Carter, Kyle Wellwood, Dany Heatley, Alexei Morozov, Jakub Voracek

Scratches
Marcus Kruger (Left Eye Injury), Matt Smaby (Strained Back Injury)

Jets

5 vs 5 Forward 
   Center                   Left Wing                Right Wing               Time % Phy DF OF 
 1 Derek Stepan             Benoit Pouliot           Dustin Brown             36     0   0  5  
 2 Derek Roy                Marcus Johansson         Devin Setoguchi          30     0   0  5  
 3 Mikko Koivu              Fredrik Sjostrom         Lee Stempniak            22     1   2  2  
 4 Joe Colborne             Erik Haula               Jimmy Hayes              12     1   2  2  

5 vs 5 Defense 
   Defense                  Defense                                           Time % Phy DF OF 
 1 Marco Scandella          Tyler Myers                                       40     1   2  2  
 2 Anton Volchenkov         Eric Gelinas                                      30     1   2  2  
 3 Travis Hamonic           Jared Spurgeon                                    20     1   2  2  
 4 Eric Gelinas             Marco Scandella                                   10     1   3  1  

PowerPlay Forward 
   Center                   Left Wing                Right Wing               Time % Phy DF OF 
 1 Derek Roy                Benoit Pouliot           Dustin Brown             60     0   1  4  
 2 Derek Stepan             Marcus Johansson         Devin Setoguchi          40     0   1  4  

PowerPlay Defense
   Defense                  Defense                                           Time % Phy DF OF 
 1 Marco Scandella          Tyler Myers                                       60     0   2  3  
 2 Eric Gelinas             Travis Hamonic                                    40     0   2  3  

Penalty Kill 4 Players Forward 
   Center                   Wing                     Time % Phy DF OF 
 1 Derek Roy                Erik Haula               60     1   2  2  
 2 Joe Colborne             Dustin Brown             40     1   3  1  

Penalty Kill 4 Players Defense
   Defense                  Defense                  Time % Phy DF OF 
 1 Tyler Myers              Marco Scandella          60     1   4  0  
 2 Travis Hamonic           Anton Volchenkov         40     1   4  0  

Penalty Kill - 3 Players Forward 
   Forward                                           Time % Phy DF OF 
 1 Erik Haula                                        60     1   2  2  
 2 Dustin Brown                                      40     1   2  2  

Penalty Kill - 3 Players Defense
   Defense                  Defense                  Time % Phy DF OF 
 1 Marco Scandella          Tyler Myers              60     1   2  2  
 2 Travis Hamonic           Anton Volchenkov         40     1   2  2  

4 vs 4 Forward 
   Center                   Wing                     Time % Phy DF OF 
 1 Derek Stepan             Dustin Brown             60     1   2  2  
 2 Derek Roy                Benoit Pouliot           40     1   2  2  

4 vs 4 Defense
   Defense                  Defense                  Time % Phy DF OF 
 1 Tyler Myers              Marco Scandella          60     1   2  2  
 2 Eric Gelinas             Anton Volchenkov         40     1   2  2  

Last Minutes Offensive
   Center                   Left Wing                Right Wing               Defense                  Defense                  
   Derek Roy                Benoit Pouliot           Dustin Brown             Marco Scandella          Tyler Myers              

Last Minutes Defensive
   Center                   Left Wing                Right Wing               Defense                  Defense                  
   Derek Roy                Erik Haula               Dustin Brown             Travis Hamonic           Tyler Myers              

Goaltenders
Starting : Jacob Markstrom          
Backup : Kari Lehtonen            

Extra Forwards
Normal : Derek Roy, Benoit Pouliot, Dustin Brown - PP : Derek Roy, Benoit Pouliot - PK : Derek Roy
Extra Defensemen
Normal : Anton Volchenkov, Tyler Myers, Travis Hamonic - PP : Anton Volchenkov - PK : Marco Scandella, Tyler Myers
Penalty Shots
Derek Roy, Benoit Pouliot, Dustin Brown, Mikko Koivu, Derek Stepan

Scratches
Eric Fehr (Healthy), Kevin Klein (Healthy), Michael Rupp (Healthy)

% Time on Ice - Flyers

Lines # - Real PCT - Wanted PCT - Time Play
Normal Forward
1 - 38% - 40% - 16:40
2 - 25% - 30% - 11:05
3 - 23% - 20% - 10:00
4 - 13% - 10% - 5:50
Normal Defense
1 - 37% - 40% - 16:01
2 - 33% - 30% - 14:26
3 - 27% - 20% - 11:57
4 - 3% - 10% - 1:11
PP Forward
1 - 56% - 60% - 3:51
2 - 44% - 40% - 3:04
PP Defense
1 - 54% - 60% - 3:43
2 - 46% - 40% - 3:12
PK Forward
1 - 70% - 60% - 6:08
2 - 30% - 40% - 2:34
PK Defense
1 - 84% - 60% - 7:19
2 - 16% - 40% - 1:23
PK3 Forward
1 - 0% - 60%
2 - 0% - 40%
PK3 Defense
1 - 0% - 60%
2 - 0% - 40%
44 Forward
1 - 0% - 60%
2 - 0% - 40%
44 Defense
1 - 0% - 60%
2 - 0% - 40%
Last Minute Offensive  - 0:00
Last Minute Defensive  - 0:48
Total
Forward - 60:00
Defense - 60:00

% Time on Ice - Jets

Lines # - Real PCT - Wanted PCT - Time Play
Normal Forward
1 - 31% - 36% - 13:37
2 - 29% - 30% - 12:42
3 - 23% - 22% - 10:07
4 - 17% - 12% - 7:34
Normal Defense
1 - 41% - 40% - 17:50
2 - 34% - 30% - 14:50
3 - 23% - 20% - 10:08
4 - 3% - 10% - 1:12
PP Forward
1 - 52% - 60% - 4:34
2 - 48% - 40% - 4:08
PP Defense
1 - 59% - 60% - 5:06
2 - 41% - 40% - 3:36
PK Forward
1 - 75% - 60% - 5:10
2 - 25% - 40% - 1:45
PK Defense
1 - 59% - 60% - 4:05
2 - 41% - 40% - 2:50
PK3 Forward
1 - 0% - 60%
2 - 0% - 40%
PK3 Defense
1 - 0% - 60%
2 - 0% - 40%
44 Forward
1 - 0% - 60%
2 - 0% - 40%
44 Defense
1 - 0% - 60%
2 - 0% - 40%
Last Minute Offensive  - 0:23
Last Minute Defensive  - 0:00
Total
Forward - 60:00
Defense - 60:00

Play by Play

1st period


0:01 of 1st period - Derek Stepan wins face-off versus Jeff Carter in neutral zone.
0:04 of 1st period - Snap shot by Derek Stepan.
0:04 of 1st period - Stopped by Cory Schneider without a rebound.
0:05 of 1st period - Derek Stepan wins face-off versus Jeff Carter in Flyers zone.
0:32 of 1st period - Backhand shot by Devin Setoguchi.
0:32 of 1st period - Shot Misses the Net.
0:39 of 1st period - Off-side.
0:40 of 1st period - Mikko Koivu wins face-off versus Jean-Gabriel Pageau in neutral zone.
1:50 of 1st period - Icing by Cam Fowler.
1:51 of 1st period - Derek Stepan wins face-off versus Chris Kreider in Flyers zone.
1:59 of 1st period - Icing by Jeff Carter.
2:00 of 1st period - Jeff Carter wins face-off versus Mikko Koivu in Flyers zone.
2:25 of 1st period - Wrist shot by Jakub Voracek.
2:25 of 1st period - Stopped by Jacob Markstrom with a rebound.
2:27 of 1st period - Backhand shot by Jeff Woywitka.
2:27 of 1st period - Shot Blocked by Mikko Koivu.
2:41 of 1st period - Wrist shot by Jeff Carter.
2:41 of 1st period - Shot Misses the Net.
2:43 of 1st period - Slapshot by Jeff Carter.
2:43 of 1st period - Stopped by Jacob Markstrom without a rebound.
2:44 of 1st period - Kyle Wellwood wins face-off versus Derek Stepan in Jets zone.
2:55 of 1st period - Slapshot by Dustin Brown.
2:55 of 1st period - Stopped by Cory Schneider with a rebound.
2:57 of 1st period - Snap shot by Dustin Brown.
2:57 of 1st period - Stopped by Cory Schneider with a rebound.
2:59 of 1st period - Slapshot by Eric Gelinas.
2:59 of 1st period - Stopped by Cory Schneider with a rebound.
3:01 of 1st period - Snap shot by Dustin Brown.
3:01 of 1st period - Stopped by Cory Schneider without a rebound.
3:02 of 1st period - Derek Roy wins face-off versus Alex Killorn in Flyers zone.
3:15 of 1st period - Backhand shot by Devin Setoguchi.
3:15 of 1st period - Stopped by Cory Schneider without a rebound.
3:16 of 1st period - Kyle Wellwood wins face-off versus Benoit Pouliot in Flyers zone.
3:43 of 1st period - Derek Roy is hit by Jonathan Ericsson and loses puck.
4:29 of 1st period - Slapshot by Marco Scandella.
4:29 of 1st period - Stopped by Cory Schneider with a rebound.
4:55 of 1st period - Slapshot by Kyle Wellwood.
4:55 of 1st period - Stopped by Jacob Markstrom without a rebound.
4:56 of 1st period - Derek Roy wins face-off versus Kyle Wellwood in Jets zone.
5:21 of 1st period - Jeff Woywitka is hit by Dustin Brown and loses puck.
5:59 of 1st period - Snap shot by Fredrik Sjostrom.
5:59 of 1st period - Stopped by Cory Schneider without a rebound.
6:00 of 1st period - Mikko Koivu wins face-off versus Matthew Lombardi in Flyers zone.
6:05 of 1st period - Snap shot by Fredrik Sjostrom.
6:05 of 1st period - Stopped by Cory Schneider with a rebound.
6:15 of 1st period - Snap shot by Fredrik Sjostrom.
6:15 of 1st period - Goal by Fredrik Sjostrom - Flyers : 0 - Jets : 1.
6:16 of 1st period - Kyle Wellwood wins face-off versus Derek Roy in neutral zone.
6:19 of 1st period - Marco Scandella is hit by Kyle Wellwood and loses puck.
6:42 of 1st period - Jeff Woywitka is hit by Tyler Myers and loses puck.
7:11 of 1st period - Jonathan Ericsson is hit by Erik Haula and loses puck.
7:18 of 1st period - Erik Haula is hit by Victor Bartley and loses puck.
7:29 of 1st period - Slapshot by Anton Volchenkov.
7:29 of 1st period - Shot Blocked by Nathan Paetsch.
7:31 of 1st period - Snap shot by Joe Colborne.
7:31 of 1st period - Stopped by Cory Schneider without a rebound.
7:32 of 1st period - Kyle Wellwood wins face-off versus Derek Stepan in Flyers zone.
7:43 of 1st period - Wrist shot by Wayne Simmonds.
7:43 of 1st period - Deflect By Kyle Wellwood.
7:43 of 1st period - Shot Misses the Net.
7:43 of 1st period - Puck is out of play.
7:44 of 1st period - Derek Roy wins face-off versus Jeff Carter in Jets zone.
8:40 of 1st period - Jeff Woywitka is hit by Lee Stempniak and loses puck.
9:05 of 1st period - Wrist shot by Rostislav Olesz.
9:05 of 1st period - Shot Misses the Net.
9:19 of 1st period - Minor Penalty to Chris Kreider for Holding.
9:20 of 1st period - Matthew Lombardi wins face-off versus Derek Roy in Flyers zone.
9:20 of 1st period - Matthew Lombardi is hit by Derek Roy.
9:37 of 1st period - Snap shot by Benoit Pouliot.
9:37 of 1st period - Stopped by Cory Schneider with a rebound.
9:51 of 1st period - Matthew Lombardi is hit by Marco Scandella and loses puck.
9:56 of 1st period - Snap shot by Devin Setoguchi.
9:56 of 1st period - Shot Misses the Net.
9:58 of 1st period - Slapshot by Marco Scandella.
9:58 of 1st period - Shot Blocked by Jonathan Ericsson.
10:10 of 1st period - Slapshot by Wayne Simmonds.
10:10 of 1st period - Shot Blocked by Eric Gelinas.
10:14 of 1st period - Snap shot by Kyle Wellwood.
10:14 of 1st period - Shot Misses the Net.
11:19 of 1st period - Penalty to Chris Kreider is over, Chris Kreider is back on ice.
11:31 of 1st period - Slapshot by Fredrik Sjostrom.
11:31 of 1st period - Shot Misses the Net.
11:51 of 1st period - Jean-Gabriel Pageau is hit by Jimmy Hayes.
11:57 of 1st period - Wrist shot by Erik Haula.
11:57 of 1st period - Stopped by Cory Schneider without a rebound.
11:58 of 1st period - Kyle Wellwood wins face-off versus Joe Colborne in Flyers zone.
12:09 of 1st period - Marco Scandella is hit by Dany Heatley and loses puck.
12:35 of 1st period - Off-side.
12:36 of 1st period - Jean-Gabriel Pageau wins face-off versus Derek Stepan in neutral zone.
12:51 of 1st period - Snap shot by Alex Killorn.
12:51 of 1st period - Stopped by Jacob Markstrom with a rebound.
13:22 of 1st period - Slapshot by Anton Volchenkov.
13:22 of 1st period - Shot Misses the Net.
13:28 of 1st period - Lee Stempniak is hit by Wayne Simmonds and loses puck.
14:05 of 1st period - Wrist shot by Alex Killorn.
14:05 of 1st period - Shot Misses the Net.
14:13 of 1st period - Snap shot by Derek Stepan.
14:13 of 1st period - Stopped by Cory Schneider without a rebound.
14:14 of 1st period - Marcus Johansson wins face-off versus Jeff Carter in Flyers zone.
14:21 of 1st period - Wrist shot by Jakub Voracek.
14:21 of 1st period - Stopped by Jacob Markstrom without a rebound.
14:22 of 1st period - Jeff Carter wins face-off versus Devin Setoguchi in Jets zone.
15:19 of 1st period - Slapshot by Derek Roy.
15:19 of 1st period - Stopped by Cory Schneider without a rebound.
15:20 of 1st period - Kyle Wellwood wins face-off versus Derek Stepan in Flyers zone.
16:03 of 1st period - Icing by Cam Fowler.
16:04 of 1st period - Jean-Gabriel Pageau wins face-off versus Joe Colborne in Flyers zone.
16:56 of 1st period - Icing by Marco Scandella.
16:57 of 1st period - Mikko Koivu wins face-off versus Jeff Carter in Jets zone.
17:08 of 1st period - Slapshot by Mikko Koivu.
17:08 of 1st period - Shot Blocked by Stephane Robidas.
17:10 of 1st period - Slapshot by Fredrik Sjostrom.
17:10 of 1st period - Stopped by Cory Schneider without a rebound.
17:11 of 1st period - Derek Stepan wins face-off versus Kyle Wellwood in Flyers zone.
17:24 of 1st period - Snap shot by Wayne Simmonds.
17:24 of 1st period - Stopped by Jacob Markstrom without a rebound.
17:25 of 1st period - Jeff Carter wins face-off versus Derek Stepan in Jets zone.
17:28 of 1st period - Slapshot by Chris Kreider.
17:28 of 1st period - Shot Hit the Post.
17:32 of 1st period - Snap shot by Chris Kreider.
17:32 of 1st period - Stopped by Jacob Markstrom with a rebound.
17:34 of 1st period - Wrist shot by Chris Kreider.
17:34 of 1st period - Shot Misses the Net.
17:36 of 1st period - Slapshot by Jeff Carter.
17:36 of 1st period - Stopped by Jacob Markstrom without a rebound.
17:37 of 1st period - Jeff Carter wins face-off versus Derek Stepan in Jets zone.
17:40 of 1st period - Snap shot by Chris Kreider.
17:40 of 1st period - Stopped by Jacob Markstrom with a rebound.
17:55 of 1st period - Minor Penalty to Dustin Brown for Hooking.
17:56 of 1st period - Jeff Carter wins face-off versus Derek Roy in Jets zone.
18:45 of 1st period - Slapshot by Jonathan Ericsson.
18:45 of 1st period - Stopped by Jacob Markstrom with a rebound.
18:47 of 1st period - Wrist shot by Wayne Simmonds.
18:47 of 1st period - Stopped by Jacob Markstrom without a rebound.
18:48 of 1st period - Jeff Carter wins face-off versus Derek Roy in Jets zone.
18:51 of 1st period - Wrist shot by Jakub Voracek.
18:51 of 1st period - Shot Misses the Net.
18:53 of 1st period - Slapshot by Jeff Woywitka.
18:53 of 1st period - Goal by Jeff Woywitka - Flyers : 1 - Jets : 1.
18:54 of 1st period - Derek Stepan wins face-off versus Kyle Wellwood in neutral zone.
19:08 of 1st period - Minor Penalty to Stephane Robidas for Tripping.
19:09 of 1st period - Derek Roy wins face-off versus Matthew Lombardi in Flyers zone.
19:38 of 1st period - Off-side.
19:39 of 1st period - Derek Stepan wins face-off versus Kyle Wellwood in neutral zone.
19:54 of 1st period - Snap shot by Devin Setoguchi.
19:54 of 1st period - Goal by Devin Setoguchi - Flyers : 1 - Jets : 2.
19:55 of 1st period - Derek Roy wins face-off versus Jeff Carter in neutral zone.
Goals for this period are 1 for Flyers vs 2 for Jets.
Shots for this period are 12 for Flyers vs 17 for Jets.

2nd period


0:01 of 2nd period - Jeff Carter wins face-off versus Derek Roy in neutral zone.
0:15 of 2nd period - Snap shot by Jakub Voracek.
0:15 of 2nd period - Shot Misses the Net.
0:25 of 2nd period - Marco Scandella is hit by Alex Killorn and loses puck.
0:32 of 2nd period - Jean-Gabriel Pageau is hit by Devin Setoguchi and loses puck.
0:49 of 2nd period - Wrist shot by Rostislav Olesz.
0:49 of 2nd period - Shot Misses the Net.
1:08 of 2nd period - Wrist shot by Marcus Johansson.
1:08 of 2nd period - Stopped by Cory Schneider without a rebound.
1:09 of 2nd period - Jeff Carter wins face-off versus Derek Stepan in Flyers zone.
1:09 of 2nd period - Jeff Carter is hit by Marco Scandella.
1:15 of 2nd period - Snap shot by Chris Kreider.
1:15 of 2nd period - Shot Blocked by Tyler Myers.
2:45 of 2nd period - Snap shot by Jimmy Hayes.
2:45 of 2nd period - Stopped by Cory Schneider with a rebound.
4:12 of 2nd period - Backhand shot by Jean-Gabriel Pageau.
4:12 of 2nd period - Shot Hit the Post.
4:14 of 2nd period - Wrist shot by Alex Killorn.
4:14 of 2nd period - Shot Misses the Net.
4:16 of 2nd period - Wrist shot by Jean-Gabriel Pageau.
4:16 of 2nd period - Shot Blocked by Tyler Myers.
4:48 of 2nd period - Slapshot by Kyle Wellwood.
4:48 of 2nd period - Stopped by Jacob Markstrom without a rebound.
4:49 of 2nd period - Derek Stepan wins face-off versus Kyle Wellwood in Jets zone.
5:23 of 2nd period - Slapshot by Dustin Brown.
5:23 of 2nd period - Stopped by Cory Schneider with a rebound.
5:25 of 2nd period - Snap shot by Jared Spurgeon.
5:25 of 2nd period - Stopped by Cory Schneider without a rebound.
5:26 of 2nd period - Jeff Carter wins face-off versus Derek Roy in Flyers zone.
5:26 of 2nd period - Jeff Carter is hit by Marcus Johansson.
5:40 of 2nd period - Snap shot by Chris Kreider.
5:40 of 2nd period - Shot Misses the Net.
5:42 of 2nd period - Wrist shot by Jakub Voracek.
5:42 of 2nd period - Stopped by Jacob Markstrom without a rebound.
5:43 of 2nd period - Mikko Koivu wins face-off versus Jean-Gabriel Pageau in Jets zone.
6:08 of 2nd period - Stephane Robidas is hit by Derek Stepan and loses puck.
6:15 of 2nd period - Snap shot by Benoit Pouliot.
6:15 of 2nd period - Stopped by Cory Schneider without a rebound.
6:16 of 2nd period - Kyle Wellwood wins face-off versus Derek Stepan in Flyers zone.
6:25 of 2nd period - Snap shot by Dany Heatley.
6:25 of 2nd period - Shot Misses the Net.
6:31 of 2nd period - Snap shot by Kyle Wellwood.
6:31 of 2nd period - Shot Misses the Net.
6:43 of 2nd period - Marcus Johansson is hit by Jakub Voracek.
7:03 of 2nd period - Slapshot by Alexei Morozov.
7:03 of 2nd period - Shot Blocked by Fredrik Sjostrom.
7:17 of 2nd period - Minor Penalty to Stephane Robidas for Holding.
7:18 of 2nd period - Matthew Lombardi wins face-off versus Derek Roy in Flyers zone.
7:31 of 2nd period - Snap shot by Marco Scandella.
7:31 of 2nd period - Deflect By Matthew Lombardi.
7:31 of 2nd period - Stopped by Cory Schneider with a rebound.
7:33 of 2nd period - Snap shot by Derek Roy.
7:33 of 2nd period - Shot Misses the Net.
9:17 of 2nd period - Penalty to Stephane Robidas is over, Stephane Robidas is back on ice.
9:43 of 2nd period - Slapshot by Jeff Carter.
9:43 of 2nd period - Shot Blocked by Dustin Brown.
9:45 of 2nd period - Slapshot by Stephane Robidas.
9:45 of 2nd period - Stopped by Jacob Markstrom with a rebound.
9:47 of 2nd period - Slapshot by Victor Bartley.
9:47 of 2nd period - Stopped by Jacob Markstrom with a rebound.
9:49 of 2nd period - Wrist shot by Chris Kreider.
9:49 of 2nd period - Stopped by Jacob Markstrom with a rebound.
9:55 of 2nd period - Snap shot by Jeff Carter.
9:55 of 2nd period - Shot Misses the Net.
10:17 of 2nd period - Slapshot by Erik Haula.
10:17 of 2nd period - Shot Misses the Net.
10:55 of 2nd period - Marco Scandella is hit by Chris Kreider and loses puck.
11:04 of 2nd period - Slapshot by Jeff Carter.
11:04 of 2nd period - Shot Misses the Net.
11:06 of 2nd period - Slapshot by Jeff Woywitka.
11:06 of 2nd period - Stopped by Jacob Markstrom with a rebound.
11:08 of 2nd period - Slapshot by Jeff Woywitka.
11:08 of 2nd period - Goal by Jeff Woywitka - Flyers : 2 - Jets : 2.
11:09 of 2nd period - Kyle Wellwood wins face-off versus Derek Roy in neutral zone.
11:12 of 2nd period - Snap shot by Jonathan Ericsson.
11:12 of 2nd period - Stopped by Jacob Markstrom with a rebound.
11:22 of 2nd period - Slapshot by Kyle Wellwood.
11:22 of 2nd period - Stopped by Jacob Markstrom without a rebound.
11:23 of 2nd period - Derek Roy wins face-off versus Kyle Wellwood in Jets zone.
11:23 of 2nd period - Derek Roy is hit by Wayne Simmonds.
11:32 of 2nd period - Minor Penalty to Stephane Robidas for Holding.
11:33 of 2nd period - Matthew Lombardi wins face-off versus Derek Stepan in Flyers zone.
11:43 of 2nd period - Wrist shot by Matthew Lombardi.
11:43 of 2nd period - Shot Misses the Net.
11:45 of 2nd period - Slapshot by Jeff Woywitka.
11:45 of 2nd period - Stopped by Jacob Markstrom without a rebound.
11:46 of 2nd period - Matthew Lombardi wins face-off versus Derek Stepan in Jets zone.
11:59 of 2nd period - Snap shot by Rostislav Olesz.
11:59 of 2nd period - Goal by Rostislav Olesz - Flyers : 3 - Jets : 2.
12:00 of 2nd period - Derek Roy wins face-off versus Matthew Lombardi in neutral zone.
12:03 of 2nd period - Backhand shot by Benoit Pouliot.
12:03 of 2nd period - Stopped by Cory Schneider with a rebound.
13:10 of 2nd period - Slapshot by Nathan Paetsch.
13:10 of 2nd period - Stopped by Jacob Markstrom with a rebound.
13:12 of 2nd period - Slapshot by Jonathan Ericsson.
13:12 of 2nd period - Stopped by Jacob Markstrom with a rebound.
13:32 of 2nd period - Penalty to Stephane Robidas is over, Stephane Robidas is back on ice.
13:54 of 2nd period - Alex Killorn is hit by Marco Scandella and loses puck.
14:26 of 2nd period - Dustin Brown is hit by Jakub Voracek and loses puck.
14:41 of 2nd period - Cam Fowler is hit by Anton Volchenkov and loses puck.
14:58 of 2nd period - Slapshot by Kyle Wellwood.
14:58 of 2nd period - Shot Blocked by Marco Scandella.
15:00 of 2nd period - Slapshot by Cam Fowler.
15:00 of 2nd period - Shot Misses the Net.
15:02 of 2nd period - Slapshot by Cam Fowler.
15:02 of 2nd period - Shot Blocked by Tyler Myers.
15:04 of 2nd period - Snap shot by Kyle Wellwood.
15:04 of 2nd period - Shot Misses the Net.
15:06 of 2nd period - Snap shot by Dany Heatley.
15:06 of 2nd period - Shot Misses the Net.
15:34 of 2nd period - Wrist shot by Jeff Carter.
15:34 of 2nd period - Shot Blocked by Derek Roy.
15:36 of 2nd period - Slapshot by Jeff Woywitka.
15:36 of 2nd period - Shot Misses the Net.
16:45 of 2nd period - Off-side.
16:46 of 2nd period - Jeff Carter wins face-off versus Derek Stepan in neutral zone.
16:53 of 2nd period - Wrist shot by Jeff Carter.
16:53 of 2nd period - Deflect By Chris Kreider.
16:53 of 2nd period - Stopped by Jacob Markstrom without a rebound.
16:54 of 2nd period - Kyle Wellwood wins face-off versus Derek Roy in Jets zone.
16:59 of 2nd period - Snap shot by Wayne Simmonds.
16:59 of 2nd period - Shot Misses the Net.
17:51 of 2nd period - Slapshot by Devin Setoguchi.
17:51 of 2nd period - Stopped by Cory Schneider with a rebound.
17:53 of 2nd period - Snap shot by Marcus Johansson.
17:53 of 2nd period - Stopped by Cory Schneider with a rebound.
18:12 of 2nd period - Minor Penalty to Jeff Carter for Hooking.
18:13 of 2nd period - Matthew Lombardi wins face-off versus Mikko Koivu in Flyers zone.
18:22 of 2nd period - Off-side.
18:23 of 2nd period - Mikko Koivu wins face-off versus Matthew Lombardi in neutral zone.
18:34 of 2nd period - Wrist shot by Dustin Brown.
18:34 of 2nd period - Stopped by Cory Schneider with a rebound.
Goals for this period are 2 for Flyers vs 0 for Jets.
Shots for this period are 14 for Flyers vs 10 for Jets.

3rd period


0:01 of 3rd period - Matthew Lombardi wins face-off versus Derek Roy in neutral zone.
0:10 of 3rd period - Snap shot by Rostislav Olesz.
0:10 of 3rd period - Stopped by Jacob Markstrom without a rebound.
0:11 of 3rd period - Matthew Lombardi wins face-off versus Benoit Pouliot in Jets zone.
0:12 of 3rd period - Penalty to Jeff Carter is over, Jeff Carter is back on ice.
0:14 of 3rd period - Snap shot by Rostislav Olesz.
0:14 of 3rd period - Stopped by Jacob Markstrom without a rebound.
0:15 of 3rd period - Derek Roy wins face-off versus Kyle Wellwood in Jets zone.
0:50 of 3rd period - Slapshot by Mikko Koivu.
0:50 of 3rd period - Shot Blocked by Jeff Carter.
1:08 of 3rd period - Slapshot by Stephane Robidas.
1:08 of 3rd period - Shot Misses the Net.
1:10 of 3rd period - Wrist shot by Alex Killorn.
1:10 of 3rd period - Deflect By Alexei Morozov.
1:10 of 3rd period - Stopped by Jacob Markstrom with a rebound.
1:12 of 3rd period - Wrist shot by Jonathan Ericsson.
1:12 of 3rd period - Shot Misses the Net.
1:38 of 3rd period - Minor Penalty to Marcus Johansson for Hooking.
1:39 of 3rd period - Chris Kreider wins face-off versus Derek Roy in Jets zone.
1:48 of 3rd period - Wrist shot by Chris Kreider.
1:48 of 3rd period - Stopped by Jacob Markstrom without a rebound.
1:49 of 3rd period - Derek Roy wins face-off versus Jeff Carter in Jets zone.
2:04 of 3rd period - Wrist shot by Jakub Voracek.
2:04 of 3rd period - Shot Blocked by Marco Scandella.
2:24 of 3rd period - Snap shot by Jeff Carter.
2:24 of 3rd period - Shot Misses the Net.
2:26 of 3rd period - Slapshot by Jeff Carter.
2:26 of 3rd period - Shot Misses the Net.
2:28 of 3rd period - Slapshot by Jeff Woywitka.
2:28 of 3rd period - Stopped by Jacob Markstrom without a rebound.
2:29 of 3rd period - Derek Roy wins face-off versus Wayne Simmonds in Jets zone.
3:38 of 3rd period - Penalty to Marcus Johansson is over, Marcus Johansson is back on ice.
4:14 of 3rd period - Snap shot by Nathan Paetsch.
4:14 of 3rd period - Stopped by Jacob Markstrom without a rebound.
4:15 of 3rd period - Kyle Wellwood wins face-off versus Derek Roy in Jets zone.
4:24 of 3rd period - Dany Heatley is hit by Derek Roy and loses puck.
4:48 of 3rd period - Wrist shot by Jean-Gabriel Pageau.
4:48 of 3rd period - Stopped by Jacob Markstrom without a rebound.
4:49 of 3rd period - Derek Stepan wins face-off versus Jeff Carter in Jets zone.
4:54 of 3rd period - Snap shot by Benoit Pouliot.
4:54 of 3rd period - Stopped by Cory Schneider with a rebound.
4:56 of 3rd period - Snap shot by Derek Stepan.
4:56 of 3rd period - Shot Misses the Net.
4:58 of 3rd period - Slapshot by Travis Hamonic.
4:58 of 3rd period - Stopped by Cory Schneider with a rebound.
5:00 of 3rd period - Slapshot by Travis Hamonic.
5:00 of 3rd period - Shot Misses the Net.
5:04 of 3rd period - Slapshot by Benoit Pouliot.
5:04 of 3rd period - Deflect By Dustin Brown.
5:04 of 3rd period - Stopped by Cory Schneider with a rebound.
5:06 of 3rd period - Slapshot by Benoit Pouliot.
5:06 of 3rd period - Shot Misses the Net.
5:16 of 3rd period - Jeff Carter is hit by Travis Hamonic and loses puck.
5:53 of 3rd period - Wrist shot by Lee Stempniak.
5:53 of 3rd period - Stopped by Cory Schneider with a rebound.
5:59 of 3rd period - Snap shot by Lee Stempniak.
5:59 of 3rd period - Stopped by Cory Schneider with a rebound.
6:01 of 3rd period - Slapshot by Jared Spurgeon.
6:01 of 3rd period - Deflect By Fredrik Sjostrom.
6:01 of 3rd period - Stopped by Cory Schneider with a rebound.
6:03 of 3rd period - Slapshot by Lee Stempniak.
6:03 of 3rd period - Stopped by Cory Schneider without a rebound.
6:04 of 3rd period - Kyle Wellwood wins face-off versus Derek Stepan in Flyers zone.
6:04 of 3rd period - Kyle Wellwood is hit by Tyler Myers.
6:35 of 3rd period - Wrist shot by Derek Roy.
6:35 of 3rd period - Shot Blocked by Jonathan Ericsson.
6:43 of 3rd period - Snap shot by Alex Killorn.
6:43 of 3rd period - Stopped by Jacob Markstrom without a rebound.
6:44 of 3rd period - Derek Roy wins face-off versus Matthew Lombardi in Jets zone.
7:32 of 3rd period - Tyler Myers is hit by Jean-Gabriel Pageau and loses puck.
7:51 of 3rd period - Backhand shot by Marcus Johansson.
7:51 of 3rd period - Shot Blocked by Chris Kreider.
8:51 of 3rd period - Tyler Myers is hit by Alexei Morozov.
9:15 of 3rd period - Wrist shot by Nathan Paetsch.
9:15 of 3rd period - Shot Misses the Net.
9:17 of 3rd period - Wrist shot by Jakub Voracek.
9:17 of 3rd period - Shot Blocked by Eric Gelinas.
9:19 of 3rd period - Wrist shot by Jakub Voracek.
9:19 of 3rd period - Shot Misses the Net.
9:21 of 3rd period - Snap shot by Nathan Paetsch.
9:21 of 3rd period - Stopped by Jacob Markstrom with a rebound.
9:23 of 3rd period - Snap shot by Jeff Carter.
9:23 of 3rd period - Stopped by Jacob Markstrom without a rebound.
9:24 of 3rd period - Derek Stepan wins face-off versus Kyle Wellwood in Jets zone.
9:57 of 3rd period - Devin Setoguchi is hit by Jakub Voracek and loses puck.
10:42 of 3rd period - Wrist shot by Alexei Morozov.
10:42 of 3rd period - Stopped by Jacob Markstrom with a rebound.
10:48 of 3rd period - Minor Penalty to Jimmy Hayes for Tripping.
10:49 of 3rd period - Jeff Carter wins face-off versus Derek Roy in Jets zone.
11:58 of 3rd period - Wayne Simmonds is hit by Tyler Myers and loses puck.
12:17 of 3rd period - Snap shot by Dustin Brown.
12:17 of 3rd period - Stopped by Cory Schneider without a rebound.
12:18 of 3rd period - Jeff Carter wins face-off versus Joe Colborne in Flyers zone.
12:48 of 3rd period - Penalty to Jimmy Hayes is over, Jimmy Hayes is back on ice.
13:25 of 3rd period - Wrist shot by Matthew Lombardi.
13:25 of 3rd period - Shot Blocked by Lee Stempniak.
13:39 of 3rd period - Snap shot by Wayne Simmonds.
13:39 of 3rd period - Shot Misses the Net.
13:57 of 3rd period - Snap shot by Joe Colborne.
13:57 of 3rd period - Deflect By Jimmy Hayes.
13:57 of 3rd period - Shot Misses the Net.
13:57 of 3rd period - Puck is out of play.
13:58 of 3rd period - Kyle Wellwood wins face-off versus Derek Stepan in Flyers zone.
14:07 of 3rd period - Wrist shot by Dustin Brown.
14:07 of 3rd period - Shot Blocked by Dany Heatley.
14:25 of 3rd period - Victor Bartley is hit by Lee Stempniak and loses puck.
14:36 of 3rd period - Snap shot by Mikko Koivu.
14:36 of 3rd period - Stopped by Cory Schneider with a rebound.
15:14 of 3rd period - Snap shot by Rostislav Olesz.
15:14 of 3rd period - Stopped by Jacob Markstrom without a rebound.
15:15 of 3rd period - Jeff Carter wins face-off versus Lee Stempniak in Jets zone.
15:43 of 3rd period - Slapshot by Marcus Johansson.
15:43 of 3rd period - Shot Misses the Net.
15:53 of 3rd period - Derek Roy is hit by Stephane Robidas and loses puck.
16:18 of 3rd period - Wrist shot by Jeff Carter.
16:18 of 3rd period - Shot Misses the Net.
16:20 of 3rd period - Snap shot by Stephane Robidas.
16:20 of 3rd period - Stopped by Jacob Markstrom with a rebound.
16:22 of 3rd period - Slapshot by Jeff Carter.
16:22 of 3rd period - Shot Misses the Net.
16:24 of 3rd period - Wrist shot by Chris Kreider.
16:24 of 3rd period - Shot Misses the Net.
16:26 of 3rd period - Slapshot by Jonathan Ericsson.
16:26 of 3rd period - Stopped by Jacob Markstrom without a rebound.
16:27 of 3rd period - Mikko Koivu wins face-off versus Jean-Gabriel Pageau in Jets zone.
16:38 of 3rd period - Snap shot by Mikko Koivu.
16:38 of 3rd period - Stopped by Cory Schneider with a rebound.
16:40 of 3rd period - Slapshot by Eric Gelinas.
16:40 of 3rd period - Shot Blocked by Cam Fowler.
16:53 of 3rd period - Minor Penalty to Derek Stepan for Tripping.
16:54 of 3rd period - Derek Roy wins face-off versus Kyle Wellwood in Jets zone.
16:54 of 3rd period - Derek Roy is hit by Stephane Robidas.
17:04 of 3rd period - Marco Scandella is hit by Dany Heatley and loses puck.
17:43 of 3rd period - Joe Colborne is hit by Cam Fowler and loses puck.
18:20 of 3rd period - Jakub Voracek is hit by Benoit Pouliot and loses puck.
18:45 of 3rd period - Joe Colborne is hit by Rostislav Olesz and loses puck.
18:53 of 3rd period - Penalty to Derek Stepan is over, Derek Stepan is back on ice.
19:07 of 3rd period - Jets, Jacob Markstrom is pulled from the net.
19:25 of 3rd period - Slapshot by Dustin Brown.
19:25 of 3rd period - Stopped by Cory Schneider with a rebound.
19:27 of 3rd period - Slapshot by Joe Colborne.
19:27 of 3rd period - Deflect By Dustin Brown.
19:27 of 3rd period - Stopped by Cory Schneider with a rebound.
19:29 of 3rd period - Slapshot by Joe Colborne.
19:29 of 3rd period - Deflect By Derek Stepan.
19:29 of 3rd period - Shot Blocked by Jeff Woywitka.
19:29 of 3rd period - Puck is out of play.
19:30 of 3rd period - Marc Crawford call a timeout for Jets.
19:30 of 3rd period - Matthew Lombardi wins face-off versus Derek Roy in Flyers zone.
19:52 of 3rd period - Slapshot by Matthew Lombardi.
19:52 of 3rd period - Goal by Matthew Lombardi - Flyers : 4 - Jets : 2.
19:52 of 3rd period - Jacob Markstrom from Jets was sent back in the game.
19:53 of 3rd period - Mikko Koivu wins face-off versus Jean-Gabriel Pageau in neutral zone.
19:59 of 3rd period - Minor Penalty to Stephane Robidas for Hooking.
Goals for this period are 1 for Flyers vs 0 for Jets.
Shots for this period are 15 for Flyers vs 12 for Jets.
Goals for this period are 1 for Flyers vs 0 for Jets.
Shots for this period are 15 for Flyers vs 12 for Jets.